cohdb
Replays
Latest Replays
All Replays
Popular Replays
Top Player Replays
Match Explorer
How It Works
Community
CoH3 Stats
Reddit
Sign in to upload your games and track your stats! →
Sign in with Steam
Match 43693884
Unlisted
Match 43693884
Overview
Messages
Build Orders
End
Scout Squad
Construct Weapon Support Center
M1919 Machine Gun Team
M1919 Machine Gun Team
Engineer Squad
Infantry Support Center
Construct Medical Station
Selects Heavy Weapons
Selects Assault Carriers
M3 Assault Carrier
Engineer Squad
M1919 Machine Gun Team
Bazooka Squad
Selects Exchangeable Parts
Construct Motor Pool
M1919 Machine Gun Team
M8 Greyhound Armored Car
Scout Squad
M8 Greyhound Armored Car
M24 Chaffee Light Tank
Bazooka Squad
Captain Retinue
M1 Anti-tank Gun Team
Construct Tank Depot
Selects M26 Pershing Heavy Tank
Selects M2HB .50cal Heavy Machine Gun
M4A1 Sherman Medium Tank
M1919 Machine Gun Team
Selects Rapid Reposition
M1 Anti-tank Gun Team
Improved M9 Bazooka Rockets
M26 Pershing Heavy Tank
Selects Bolstered Team Weapons
Bazooka Squad
Bazooka Squad
M4A1 Sherman Medium Tank
Scout Squad
M4A1 Sherman Medium Tank
M18 Hellcat Tank Destroyer
Engineer Squad
woof_raff
Vlady the Impaler
0
0
Comments
sign in to comment!
No comments posted yet!